 Dungeon Crawl Stone Soup version 0.24.1-8-ga250c9d538 (webtiles) character file.

Game seed: 16550444005035303869, levelgen mode: deterministic

1203 Hugehornet the Changer (level 8, -5/48 HPs)
             Began as an Octopode Transmuter on May 8, 2020.
             Slain by a centaur zombie (6 damage)
             ... on level 5 of the Dungeon.
             The game lasted 00:09:50 (4528 turns).

Hugehornet the Changer (Octopode Transmuter)        Turns: 4528, Time: 00:09:50

Health: -5/48      AC:  1    Str:  9    XL:     8   Next: 45%
Magic:  13/14      EV: 13    Int: 17    God:
Gold:   296        SH:  0    Dex: 13    Spells: 4/15 levels left

rFire    . . .     SeeInvis .     - Unarmed
rCold    . . .     Gourm    .   (no shield)
rNeg     . . .     Faith    .   (helmet restricted)
rPois    .         Spirit   .   q - amulet of rage
rElec    .         Reflect  .   (no ring)
rCorr    .         Harm     .   (no ring)
MR       .....                  (no ring)
Stlth    ++........             (no ring)
HPRegen  0.16/turn              (no ring)
MPRegen  0.14/turn              (no ring)
                                (no ring)
                                (no ring)

@: appendage (expiring)
A: almost no armour, stealthy swim, amphibious, 8 rings, constrict 8, tentacle
spike 3, camouflage 1, gelatinous body 1
a: End Transformation, Evoke Berserk Rage


You were on level 5 of the Dungeon.
You were very hungry.
One of your tentacles had a temporary spike.
You visited 1 branch of the dungeon, and saw 5 of its levels.

You collected 296 gold pieces.

Inventory:

Missiles
 a - 45 arrows
Jewellery
 q - an amulet of rage (around mantle)
Wands
 t - a wand of iceblast (3)
 v - a wand of enslavement (8)
Scrolls
 e - 2 scrolls of amnesia
 k - a scroll of enchant armour
 l - a scroll of random uselessness
 n - a scroll of remove curse
 u - a scroll of blinking {unknown}
Potions
 b - a potion of brilliance
 d - a potion of magic
 f - a potion of haste
 g - a potion of ambrosia {unknown}
 h - a potion of flight
 i - a potion of might {unknown}
 j - a potion of heal wounds {unknown}
 o - a potion of berserk rage {unknown}
Comestibles
 c - 7 rations


   Skills:
 - Level 1.0 Fighting
 - Level 2.0 Dodging
 - Level 5.4 Unarmed Combat
 + Level 4.0 Spellcasting
 * Level 5.7 Transmutations
 * Level 4.5 Ice Magic
 - Level 3.1 Poison Magic


You had 4 spell levels left.
You knew the following spells:

 Your Spells              Type           Power        Failure   Level  Hunger
a - Beastly Appendage     Tmut           ###...       1%          1    None
b - Sticks to Snakes      Tmut           ###.....     2%          2    ##.....
c - Spider Form           Tmut/Pois      ###.......   8%          3    ###....
d - Confusing Touch       Hex            #.....       16%         1    None
e - Ice Form              Ice/Tmut       ###.....     19%         4    ####...

Your spell library contained the following spells:

 Spells                   Type           Power        Failure   Level  Hunger
 Confuse                  Hex            #.......     43%         3    ###....
 Gell's Gravitas          Tloc           #.........   43%         3    ###....
 Petrify                  Tmut/Erth      ##......     43%         4    ####...
 Blade Hands              Tmut           ###.......   38%         5    ######.
 Yara's Violent Unravell  Hex/Tmut       ##........   80%         5    ######.
 Metabolic Englaciation   Hex/Ice        ##........   86%         5    ######.


Dungeon Overview and Level Annotations

Branches:
Dungeon (5/15)
 Temple: D:4-7

Altars:
Elyvilon
Sif Muna
Uskayaw
Yredelemnul

Annotations:
D:5 Dowan, Duvessa


Innate Abilities, Weirdness & Mutations

You cannot wear most types of armour.
You are very stealthy in the water. (Stealth+)
You are amphibious.
You can wear up to eight rings at the same time.
You can use your tentacles to constrict eight enemies at once.
Your skin changes colour to match your surroundings (Stealth+).
Your rubbery body absorbs attacks. (AC +1, EV +1)
One of your tentacles bears a large vicious spike.


Message History

The crimson imp is heavily wounded.
You constrict the crimson imp. The centaur zombie hits you.
Dowan gestures at you while chanting. The puff of frost misses you.
The centaur zombie hits you.
* * * LOW HITPOINT WARNING * * *
As you read the scroll labeled SENOEMI LUTI, it crumbles to dust.
You hear a loud clanging noise!
It was a scroll of noise.
You constrict the crimson imp.
You hear an angry hiss.
The crimson imp closely misses you. The centaur zombie closely misses you.
As you read the scroll labeled EFODAH PENITY, it crumbles to dust.
The creatures around you are filled with an inner flame!
It was a scroll of immolation.
You constrict the crimson imp.
The crimson imp blinks free!
The centaur zombie hits you.
* * * LOW HITPOINT WARNING * * *
Dowan hits you but does no damage. The centaur zombie hits you.
* * * LOW HITPOINT WARNING * * *
The crimson imp blinks!
The centaur zombie hits you.
You die...

*,,,,**,,*,*,,,,,,,**
**,**,,*,**,**,,,,,,,****** **
**,,,**,,,,***,,*,*,,,**,,,** *,
**,,,,,**,,,,*,,##,*#........##*,
*,,,,,,,*,,,#**,"***.$........**,
,,,,_,,,,.,*#.##.,**e.........,,.
*,,,,,,,*...#.#..*##,,.......,,#.
**,,,,,**.......##.#*,.......**..
,**,,,**,,,####.@#.#....#...#*#..
****,**,...#....Ze...##.##..#*...
*,,,,,,.....§..#######.#*#†##...
**,∩,,,,............###.# #......
,,,,*,**##5#....###.....####..###
,,,,,,* #......# ####........###
,,,,,,* ##.##### #...........
,,,,,,** #.* ##...(.......
,,,,,,,* #,* ######..#.>.......


You could see Dowan (inner flame), a crimson imp (inner flame) and a centaur
zombie (inner flame).

Vanquished Creatures
  Grinder (D:3)
  Sigmund (D:5)
  Menkaure (D:5)
  An ice beast (D:5)
  An ogre (D:5)
  Blork the orc (D:4)
  2 scorpions
  A howler monkey (D:4)
  A jelly (D:4)
  An orc priest (D:4)
  A hound (D:4)
  A bullfrog skeleton (D:5)
  An iguana (D:5)
  2 orc wizards (D:4)
  2 worker ants (D:4)
  A hound skeleton (D:4)
  A gnoll (D:1)
  2 adders
  A shadow imp (D:5)
  An adder skeleton (D:4)
  3 worms
  4 leopard geckos
  8 orcs
  7 bats
  4 giant cockroaches
  5 goblins
  9 hobgoblins
  2 quokkas (D:5)
  6 frilled lizards
  3 kobolds
  16 rats
  A spectral orc (D:4)
92 creatures vanquished.

Notes
Turn   | Place    | Note
-------+----------+-------------------------------------------
     0 | D:1      | Hugehornet the Octopode Transmuter began the quest for the
                  | Orb.
     0 | D:1      | Reached XP level 1. HP: 13/13 MP: 3/3
    40 | D:1      | Reached XP level 2. HP: 18/18 MP: 3/5
   324 | D:1      | Reached XP level 3. HP: 23/23 MP: 4/6
   328 | D:1      | Learned a level 2 spell: Sticks to Snakes
   332 | D:1      | Learned a level 3 spell: Spider Form
   630 | D:2      | You fall into a shaft and drop 2 floors!
   802 | D:3      | Reached XP level 4. HP: 18/28 MP: 7/7
   915 | D:3      | Noticed Grinder
   931 | D:3      | Found a white marble altar of Elyvilon.
  1117 | D:2      | Learned a level 1 spell: Confusing Touch
  1337 | D:2      | Found a faded altar of an unknown god.
  1517 | D:2      | Reached XP level 5. HP: 30/33 MP: 9/9
  1957 | D:3      | Reached skill level 1 in Poison Magic
  2024 | D:3      | Killed Grinder
  2024 | D:3      | Reached skill level 5 in Unarmed Combat
  2024 | D:3      | Reached XP level 6. HP: 30/38 MP: 1/10
  2105 | D:3      | Learned a level 4 spell: Ice Form
  2627 | D:4      | Reached skill level 1 in Ice Magic
  2666 | D:4      | Noticed Blork the orc
  2677 | D:4      | Killed Blork the orc
  2677 | D:4      | Reached XP level 7. HP: 29/43 MP: 9/11
  2678 | D:4      | Found a shimmering blue altar of Sif Muna.
  3387 | D:4      | Found a hide-covered altar of Uskayaw.
  3608 | D:4      | Found a basalt altar of Yredelemnul.
  3628 | D:5      | Entered Level 5 of the Dungeon
  3628 | D:5      | Noticed Sigmund
  3642 | D:5      | Killed Sigmund
  3644 | D:5      | Reached XP level 8. HP: 29/48 MP: 9/13
  3829 | D:5      | Reached skill level 5 in Transmutations
  3883 | D:5      | Noticed Menkaure
  3890 | D:5      | Killed Menkaure
  4084 | D:5      | HP: 2/48 [shadow imp (4)]
  4485 | D:5      | Noticed Dowan
  4522 | D:5      | Noticed Duvessa
  4528 | D:5      | HP: 1/48 [centaur zombie (4)]
  4528 | D:5      | Slain by a centaur zombie

Levels and vault maps discovered:
D:1:      onia_arrival_larder, layout_loops_cross, minmay_misc_feat_plants
D:2:      layout_basic, chequers_ecumenical_altar_simple_redux
D:3:      layout_rooms, elyvilon_altar_5, first_ration, eino_curves_03,
          uniq_grinder
D:4:      layout_loops_ring, eat_drink_and_be_merry_uskayaw,
          yredelemnul_forgotten_temple_becter, tgw_sif, minivault_24,
          minivault_11, eino_small_chamber_without_monster,
          kennysheep_flooded_box, minmay_misc_feat_rugged
D:5:      layout_rooms, lemuel_round_altar, serial_shops, shop, minmay_between,
          uniq_sigmund, uniq_menkaure, uniq_duvessa

Skill      XL: |  1  2  3  4  5  6  7  8 |
---------------+-------------------------+-----
Transmutations | 3 4 5 |  5.7
Unarmed Combat | 4 5 |  5.4
Poison Magic   | 3 |  3.1
Spellcasting   | 3 4 |  4.0
Ice Magic      | 1 3 4 |  4.5
Fighting       | |  1.0
Dodging        | |  2.0

Action                   |  1- 3 |  4- 6 |  7- 9 || total
-------------------------+-------+-------+-------++-------
Melee: Unarmed           |    48 |    77 |   121 ||   246
       Constrict         |    16 |    22 |    12 ||    50
       Kick              |    13 |    18 |    25 ||    56
       Tentacles         |    10 |    10 |     8 ||    28
       Punch             |       |     3 |     1 ||     4
 Cast: Beastly Appendage |    16 |    21 |    13 ||    50
       Spider Form       |     1 |     4 |     5 ||    10
       Sticks to Snakes  |       |     4 |       ||     4
       Confusing Touch   |       |     1 |     1 ||     2
 Abil: End Transformatio |       |       |     1 ||     1
  Use: Potion            |       |     1 |     3 ||     4
       Scroll            |       |       |     8 ||     8
 Stab: Sleeping          |     4 |     4 |     4 ||    12
       Confused          |       |     1 |       ||     1
  Eat: Chunk             |       |     7 |     5 ||    12
Armor: Skin              |     3 |     7 |     7 ||    17
Dodge: Dodged            |    25 |    49 |    84 ||   158
